 Dungeon Crawl Stone Soup version 0.28-a0-983-g1de4e07 (webtiles) character file.

Game seed: 2879872519191839096

32 Ayyar the Covered (level 3, 0/23 HPs)
             Began as a Gargoyle Fighter on Dec 2, 2021.
             Slain by an adder (3 damage)
             ... on level 1 of the Dungeon.
             The game lasted 00:04:11 (1373 turns).

Ayyar the Covered (Gargoyle Fighter)                Turns: 1373, Time: 00:04:12

Health: 0/23       AC: 10    Str: 21    XL:     3   Next: 27%
Magic:  3/3        EV:  9    Int:  8    God:
Gold:   47         SH:  4    Dex:  9    Spells: 2/2 levels left

rFire   . . .      SeeInvis .   a - +0 flail
rCold   . . .      Faith    .   c - +0 buckler
rNeg    + . .      Spirit   .   b - +0 scale mail
rPois   ∞          Reflect  .   (no helmet)
rElec   +          Harm     .   (no cloak)
rCorr   .          Rampage  .   (no gloves)
Will    .....                   (no boots)
Stlth   ..........              (no amulet)
HPRegen 0.07/turn               (no ring)
MPRegen 0.08/turn               (no ring)

@: no status effects
A: sickness immunity, AC +3, negative energy resistance 1, electricity
resistance, torment resistance 1, petrification resistance
a: no special abilities


You were on level 1 of the Dungeon.
You visited 1 branch of the dungeon, and saw 2 of its levels.

You collected 47 gold pieces.

Inventory:

Hand Weapons
 a - a +0 flail (weapon)
Armour
 b - a +0 scale mail (worn)
 c - a +0 buckler (worn)
Scrolls
 e - 2 scrolls of fear {unknown}
 g - 2 scrolls of identify {unknown}
 i - a scroll of noise {unknown}
Potions
 d - a potion of might
 f - a potion of cancellation {unknown}
 h - a potion of ambrosia {unknown}
 j - a potion of mutation {unknown}
 k - a potion of haste


   Skills:
 + Level 3.6 Fighting
 * Level 2.7 Maces & Flails
 + Level 3.6 Armour
 + Level 3.6 Shields


You had 2 spell levels left.
You didn't know any spells.
Your spell library contained the following spells:

 Spells                   Type           Power      Damage    Failure   Level
 Frozen Ramparts          Ice            0%         1d2       98%         3
 Ice Form                 Ice/Tmut       0%         N/A       100%        4
 Summon Ice Beast         Ice/Summ       0%         N/A       100%        4


Dungeon Overview and Level Annotations

Branches:
Dungeon (2/15)

Altars:

Annotations:
D:1 Terence


Innate Abilities, Weirdness & Mutations

You are immune to sickness and miasma.
Your stone body is resilient. (AC +3)
You are immune to poison.
You resist negative energy. (rN+)
You are resistant to electric shocks. (rElec)
You are resistant to unholy torment.
You are immune to petrification.


Message History

You see here a +0 dagger.
There is a stone staircase leading down here.
You climb downwards.
Terence shouts!
You hear a shout!
Found a stone staircase leading up.
There is a stone staircase leading up here.
An adder comes into view.
A kobold comes into view. It is wielding a +0 short sword.
Terence barely misses you.
You hit Terence but do no damage. Terence barely misses you.
You hit Terence.
Terence is lightly wounded.
Terence barely misses you.
You hit Terence.
Terence is heavily wounded.
The adder bites you but does no damage.
Terence drinks a potion.
Terence seems to speed up.
You block the adder's attack.
You sock Terence!
Terence is severely wounded.
Terence barely misses you. The adder bites you.
Terence hits you with a +0 morningstar. The adder bites you but does no damage.
You closely miss Terence.
Terence is severely wounded.
Terence completely misses you. You block the adder's attack.
Terence hits you but does no damage. The kobold barely misses you.
The adder barely misses you. Terence looks scornfully at you.
You block Terence's attack.
There is a stone staircase leading up here.
The kobold barely misses you. Terence hits you with a +0 morningstar!
You block the adder's attack.
You climb upwards.
There is a stone staircase leading down here.
You block Terence's attack.
The kobold hits you with a +0 short sword.
Terence closely misses you. The kobold barely misses you.
Terence hits you with a +0 morningstar.
* * * LOW HITPOINT WARNING * * *
The adder bites you.
You die...

.P#.##.#.#.#.###.......##.### #.#
..#.##.#.#.#...............# #.#
≈≈#.##.#.#.##.##......###### #.#
..#.##.#.#.................# #.#
..#.##.#.#####.##......###.####.#
..#....#+#####..#...............#
######......###.#........#.######
.....'......###.#@.......#.#.....
##.###..........@S>......#.#.####
.....######......K.###...........
.....######.....#### #.....#.####
.....#..........# #######.#
.....#..........# #.#
.....#..........# #.#
.....#..........# #.#
.....######.....######### #.#
.....# #.............# #.#


You could see Terence (fast), an adder and a kobold.

Vanquished Creatures
  A dart slug (D:1)
  4 ball pythons (D:1)
  An endoplasm (D:1)
  2 giant cockroaches (D:1)
  7 goblins (D:1)
  2 hobgoblins (D:1)
  3 kobolds (D:1)
  2 quokkas (D:1)
  2 bats (D:1)
  A frilled lizard (D:1)
  A rat (D:1)
26 creatures vanquished.

Notes
Turn   | Place    | Note
-------+----------+-------------------------------------------
     0 | D:1      | Ayyar the Gargoyle Fighter began the quest for the Orb.
     0 | D:1      | Reached XP level 1. HP: 14/14 MP: 1/1
   144 | D:1      | Reached XP level 2. HP: 16/19 MP: 2/2
   816 | D:1      | Reached XP level 3. HP: 21/23 MP: 3/3
   968 | D:1      | Found a faded altar of an unknown god.
  1360 | D:2      | Noticed Terence
  1373 | D:1      | Slain by an adder

Illustrated notes

Levels and vault maps discovered:
D:1:      lightli_arrival_windingriver, layout_basic,
          shapermc_ecumenical_altar_pompeii
D:2:      layout_loops_cross, minmay_misc_feat_five, uniq_terence

Action                   || total
-------------------------++-------
Melee: Flail             ||    77
Armor: Scale mail        ||    48
Dodge: Dodged            ||    49
Block: Buckler           ||    24

Table legend: (Time is in decaauts)
 A = Elapsed time spent in this place.
 B = Non-inter-level travel time spent in this place.
 C = Inter-level travel time spent in this place.
 D = Time resting spent in this place.
 E = Time spent auto-exploring this place.
 F = Levels seen in this place.
 G = Mean time per level.
                   A        B        C        D        E       F      G
               +--------+--------+--------+--------+--------+-----+--------+
         Total |   1396 |   1341 |     55 |      0 |   1141 |   2 |  698.0 |
       Dungeon |   1396 |   1341 |     55 |      0 |   1141 |   2 |  698.0 |
               +--------+--------+--------+--------+--------+-----+--------+

Top non-repeatable levels by time:
     D:1: 1384 daAuts
     D:2: 12 daAuts
